NWL
EVERETT AQUASOX @ MINNESOTA (SS-A) TWINS
08/16/2098
 
TOP OF THE 1ST
Everett AquaSox batting - Pitching for Minnesota (SS-A) Twins : RHP Jorge Limon
Pitching: RHP Jorge Limon
Batting: LHB Darren Gatling 0-0: SOLO HOME RUN (Flyball, 9D, EV 97.5 MPH), Distance : 368 ft
Batting: RHB Robert Olague 0-0: Called Strike
0-1: Ball
1-1: Fly out, F3 (Popup, 3S, EV 70.6 MPH)
Batting: LHB Bryan Mahoney 0-0: Called Strike
0-1: Fly out, F7 (Flyball, 78D, EV 90.6 MPH)
Batting: LHB Brett Van Slooten 0-0: Ball
1-0: Ball
2-0: Foul Ball, location: 2F
2-1: Foul Ball, location: 2F
2-2: Foul Ball, location: 2F
2-2: Ground out 6-3 (Groundball, 6S, EV 80.6 MPH)
Top of the 1st over - 1 run, 1 hit, 0 errors, 0 left on base; Everett 1 - Minnesota (SS-A) 0
BOTTOM OF THE 1ST
Minnesota (SS-A) Twins batting - Pitching for Everett AquaSox : RHP Jordan Enriquez
Pitching: RHP Jordan Enriquez
Batting: RHB Lawrence Peyton 0-0: Swinging Strike
0-1: SINGLE (Groundball, 34D, EV 104.4 MPH) (infield hit)
Batting: LHB Greg Howard 0-0: Foul Ball, location: 2F
0-1: Ball
1-1: Called Strike
1-2: Fly out, F8 (Flyball, 78S, EV 87.5 MPH)
Batting: RHB Ken Vinson 0-0: Ball
1-0: SINGLE (Line Drive, 9S, EV 103.1 MPH)
Lawrence Peyton to second
Batting: LHB Max Utting 0-0: Fly out, F4 (Popup, 4, EV 67.5 MPH)
Batting: RHB Jose Miranda 0-0: Ball
1-0: Fielders Choice at 2nd, 6-4 (Groundball, 56, EV 103.1 MPH)
Bottom of the 1st over - 0 runs, 2 hits, 0 errors, 2 left on base; Everett 1 - Minnesota (SS-A) 0
TOP OF THE 2ND
Everett AquaSox batting - Pitching for Minnesota (SS-A) Twins : RHP Jorge Limon
Batting: RHB Keith Burchfield 0-0: Called Strike
0-1: Ball
1-1: DOUBLE (Flyball, 8RXD, EV 87.5 MPH)
Batting: RHB Wyatt Cobb 0-0: Fly out, F9 (Line Drive, 89M, EV 102.5 MPH)
Batting: RHB Miguel Torres 0-0: Foul Ball, location: 3DF
0-1: DOUBLE (Groundball, 5L, EV 108.8 MPH)
Keith Burchfield scores
Batting: RHB Jim Hughes 0-0: Ball
1-0: Ball
2-0: Ball
3-0: Called Strike
3-1: Foul Ball, location: 7LMF
3-2: Fly out, F9 (Line Drive, 89M, EV 102.5 MPH)
Batting: LHB Tobias Hernandez 0-0: Called Strike
0-1: Ball
1-1: Swinging Strike
1-2: Strikes out swinging
Top of the 2nd over - 1 run, 2 hits, 0 errors, 1 left on base; Everett 2 - Minnesota (SS-A) 0
BOTTOM OF THE 2ND
Minnesota (SS-A) Twins batting - Pitching for Everett AquaSox : RHP Jordan Enriquez
Batting: LHB Jordan Carter 0-0: Called Strike
0-1: Called Strike
0-2: Ball
1-2: Ball
2-2: SINGLE (Line Drive, 34D, EV 102.5 MPH)
Batting: RHB Divino Corinha 0-0: Foul Ball, location: 25FF
0-1: Ball
1-1: Fly out, F9 (Flyball, 89D, EV 100.6 MPH)
Batting: RHB Andres Camacho 0-0: Called Strike
0-1: Swinging Strike
0-2: Ball
1-2: Ball
2-2: Foul Ball, location: 9LMF
2-2: Fielders Choice at 2nd, 3-6 (Groundball, 13, EV 94.4 MPH)
Batting: RHB David Pelayo 0-0: Ball
1-0: Fly out, F3 (Popup, 3SF, EV 71.9 MPH)
Bottom of the 2nd over - 0 runs, 1 hit, 0 errors, 1 left on base; Everett 2 - Minnesota (SS-A) 0
TOP OF THE 3RD
Everett AquaSox batting - Pitching for Minnesota (SS-A) Twins : RHP Jorge Limon
Batting: LHB Darren Gatling 0-0: Called Strike
0-1: Ball
1-1: Ball
2-1: Ball
3-1: Base on Balls
Batting: RHB Robert Olague 0-0: Ball
1-0: Foul Ball, location: 2F
1-1: Ball
2-1: Foul Ball, location: 3FF
2-2: Ball
3-2: Base on Balls
Darren Gatling to second
Batting: LHB Bryan Mahoney 0-0: Ball
1-0: Foul Ball, location: 2F
1-1: Ball
2-1: Ball
3-1: Fly out, F6 (Popup, 15, EV 78.1 MPH)
Batting: LHB Brett Van Slooten 0-0: Called Strike
0-1: SINGLE (Flyball, 9S, EV 90.6 MPH)
Darren Gatling to third
Robert Olague to second
Batting: RHB Keith Burchfield 0-0: Ball
1-0: Called Strike
1-1: Ball
2-1: SINGLE (Flyball, 78S, EV 95.6 MPH)
Darren Gatling scores
Robert Olague to third
Brett Van Slooten to second
Batting: RHB Wyatt Cobb 0-0: Foul Ball, location: 3F
0-1: Foul Ball, location: 2F
0-2: Foul Ball, location: 2F
0-2: Ball
1-2: Grounds into double play, 4-6-3 (Groundball, 4M, EV 92.5 MPH)
Top of the 3rd over - 1 run, 2 hits, 0 errors, 2 left on base; Everett 3 - Minnesota (SS-A) 0
BOTTOM OF THE 3RD
Minnesota (SS-A) Twins batting - Pitching for Everett AquaSox : RHP Jordan Enriquez
Batting: RHB Lawrence Peyton 0-0: Ground out 4-3 (Groundball, 4, EV 99.4 MPH)
Batting: LHB Greg Howard 0-0: Ball
1-0: Foul Ball, location: 25F
1-1: Foul Ball, location: 3FF
1-2: Ball
2-2: Strikes out looking
Batting: RHB Ken Vinson 0-0: Hit by Pitch
Batting: LHB Max Utting 0-0: Called Strike
0-1: Ground out U3 (Groundball, 3L, EV 81.3 MPH)
Bottom of the 3rd over - 0 runs, 0 hits, 0 errors, 1 left on base; Everett 3 - Minnesota (SS-A) 0
TOP OF THE 4TH
Everett AquaSox batting - Pitching for Minnesota (SS-A) Twins : RHP Jorge Limon
Batting: RHB Miguel Torres 0-0: Called Strike
0-1: Swinging Strike
0-2: Ball
1-2: DOUBLE (Flyball, 8RD, EV 110.0 MPH)
Batting: RHB Jim Hughes 0-0: Ball
1-0: Foul Ball, location: 7LDF
1-1: Ball
2-1: Ball
3-1: Base on Balls
Batting: LHB Tobias Hernandez 0-0: Ball
1-0: Called Strike
1-1: Bunt missed!
1-2: SINGLE (Flyball, 6D, EV 85.6 MPH)
Miguel Torres to third
Jim Hughes to second
Batting: LHB Darren Gatling 0-0: Called Strike
0-1: Foul Ball, location: 25FF
0-2: Ball
1-2: Fly out, F9 (Flyball, 9D, EV 95.6 MPH)
Runner from 3rd tags up, SCORES, no throw by RF
Jim Hughes to third
Batting: RHB Robert Olague 0-0: Grounds into double play, 5-4-3 (Groundball, 5, EV 103.1 MPH)
Top of the 4th over - 1 run, 2 hits, 0 errors, 1 left on base; Everett 4 - Minnesota (SS-A) 0
BOTTOM OF THE 4TH
Minnesota (SS-A) Twins batting - Pitching for Everett AquaSox : RHP Jordan Enriquez
Batting: RHB Jose Miranda 0-0: Ball
1-0: Ball
2-0: Foul Ball, location: 2F
2-1: Swinging Strike
2-2: Foul Ball, location: 2F
2-2: Strikes out looking
Batting: LHB Jordan Carter 0-0: Called Strike
0-1: Ball
1-1: Called Strike
1-2: Ball
2-2: Ball
3-2: Fly out, F6 (Popup, 6D, EV 45.0 MPH)
Batting: RHB Divino Corinha 0-0: Foul Ball, location: 9LMF
0-1: Ball
1-1: Foul Ball, location: 5FF
1-2: Strikes out swinging
Bottom of the 4th over - 0 runs, 0 hits, 0 errors, 0 left on base; Everett 4 - Minnesota (SS-A) 0
TOP OF THE 5TH
Everett AquaSox batting - Pitching for Minnesota (SS-A) Twins : RHP Jorge Limon
Batting: LHB Bryan Mahoney 0-0: Ball
1-0: Ball
2-0: Ball
3-0: Called Strike
3-1: Fly out, F7 (Flyball, 7D, EV 95.6 MPH)
Batting: LHB Brett Van Slooten 0-0: Ball
1-0: Ball
2-0: Called Strike
2-1: Ground out 6-3 (Groundball, 6MS, EV 82.5 MPH)
Pitching: LHP Carlos Gutierrez
Batting: RHB Keith Burchfield 0-0: Ball
1-0: Ball
2-0: Called Strike
2-1: Ball
3-1: Swinging Strike
3-2: Strikes out swinging
Top of the 5th over - 0 runs, 0 hits, 0 errors, 0 left on base; Everett 4 - Minnesota (SS-A) 0
BOTTOM OF THE 5TH
Minnesota (SS-A) Twins batting - Pitching for Everett AquaSox : RHP Jordan Enriquez
Batting: RHB Andres Camacho 0-0: Ball
1-0: Ground out 4-3 (Groundball, 4M, EV 85.6 MPH)
Batting: RHB David Pelayo 0-0: Foul Ball, location: 25F
0-1: Swinging Strike
0-2: Ball
1-2: Ball
2-2: Fly out, F6 (Popup, 6MS, EV 76.3 MPH)
Batting: RHB Lawrence Peyton 0-0: Ball
1-0: Fly out, F5 (Popup, 5SF, EV 63.8 MPH)
Bottom of the 5th over - 0 runs, 0 hits, 0 errors, 0 left on base; Everett 4 - Minnesota (SS-A) 0
TOP OF THE 6TH
Everett AquaSox batting - Pitching for Minnesota (SS-A) Twins : LHP Carlos Gutierrez
Batting: RHB Wyatt Cobb 0-0: Swinging Strike
0-1: Called Strike
0-2: Strikes out swinging
Batting: RHB Miguel Torres 0-0: Ball
1-0: Ball
2-0: SINGLE (Line Drive, 89S, EV 101.3 MPH)
Batting: RHB Jim Hughes 0-0: Foul Ball, location: 2LF
0-1: Foul Ball, location: 9LMF
0-2: Ball
1-2: Foul Ball, location: 2F
1-2: Foul Ball, location: 9LMF
1-2: Ball
2-2: Ball
3-2: Foul Ball, location: 3DF
3-2: Base on Balls
Miguel Torres to second
Batting: LHB Tobias Hernandez 0-0: Foul Ball, location: 2F
0-1: Swinging Strike
0-2: Foul Ball, location: 2F
0-2: Foul Ball, location: 2F
0-2: Foul Ball, location: 23F
0-2: Ball
1-2: Foul Ball, location: 2F
1-2: Ball
2-2: Ball
3-2: Strikes out swinging
Batting: LHB Darren Gatling 0-0: Ball
1-0: Foul Ball, location: 2F
1-1: Foul Ball, location: 9LSF
1-2: Foul Ball, location: 5DF
1-2: Ball
2-2: Fly out, F8 (Flyball, 8LM, EV 88.8 MPH)
Top of the 6th over - 0 runs, 1 hit, 0 errors, 2 left on base; Everett 4 - Minnesota (SS-A) 0
BOTTOM OF THE 6TH
Minnesota (SS-A) Twins batting - Pitching for Everett AquaSox : RHP Jordan Enriquez
Batting: LHB Greg Howard 0-0: Ball
1-0: Ball
2-0: Foul Ball, location: 7LSF
2-1: Ball
3-1: Base on Balls
Batting: RHB Ken Vinson 0-0: Called Strike
0-1: Ball
1-1: Fly out, F8 (Flyball, 8LM, EV 89.4 MPH)
Batting: LHB Max Utting 0-0: Ball
1-0: Fly out, F8 (Flyball, 8LXD, EV 103.8 MPH)
Batting: RHB Jose Miranda 0-0: Called Strike
0-1: Called Strike
0-2: SINGLE (Groundball, 6MS, EV 66.3 MPH) (infield hit)
Greg Howard to second
Batting: LHB Jordan Carter 0-0: Foul Ball, location: 7LDF
0-1: Swinging Strike
0-2: Foul Ball, location: 2F
0-2: Fielders Choice at 2nd, 6-4 (Groundball, 6, EV 100.0 MPH)
Bottom of the 6th over - 0 runs, 1 hit, 0 errors, 2 left on base; Everett 4 - Minnesota (SS-A) 0
TOP OF THE 7TH
Everett AquaSox batting - Pitching for Minnesota (SS-A) Twins : LHP Carlos Gutierrez
Pitching: RHP Steve Jacobson
Batting: RHB Robert Olague 0-0: Ball
1-0: Called Strike
1-1: SOLO HOME RUN (Flyball, 78XD, EV 103.1 MPH), Distance : 405 ft
Batting: LHB Bryan Mahoney 0-0: Swinging Strike
0-1: Ball
1-1: Foul Ball, location: 7LMF
1-2: Fly out, F9 (Flyball, 9D, EV 83.1 MPH)
Batting: LHB Brett Van Slooten 0-0: Ball
1-0: Ball
2-0: Ground out 4-3 (Groundball, 4, EV 84.4 MPH)
Batting: RHB Keith Burchfield 0-0: Swinging Strike
0-1: Ball
1-1: Ball
2-1: Swinging Strike
2-2: Ball
3-2: Strikes out swinging
Top of the 7th over - 1 run, 1 hit, 0 errors, 0 left on base; Everett 5 - Minnesota (SS-A) 0
BOTTOM OF THE 7TH
Minnesota (SS-A) Twins batting - Pitching for Everett AquaSox : RHP Jordan Enriquez
Batting: RHB Divino Corinha 0-0: Called Strike
0-1: Swinging Strike
0-2: Ball
1-2: Ground out 1-3 (Groundball, 25, EV 68.1 MPH)
Batting: RHB Andres Camacho 0-0: Ball
1-0: Ball
2-0: Called Strike
2-1: Ground out 4-3 (Groundball, 34, EV 90.6 MPH)
Batting: RHB David Pelayo 0-0: Foul Ball, location: 25F
0-1: Ball
1-1: Called Strike
1-2: Strikes out swinging
Bottom of the 7th over - 0 runs, 0 hits, 0 errors, 0 left on base; Everett 5 - Minnesota (SS-A) 0
TOP OF THE 8TH
Everett AquaSox batting - Pitching for Minnesota (SS-A) Twins : RHP Steve Jacobson
Batting: RHB Wyatt Cobb 0-0: Ball
1-0: Ball
2-0: Called Strike
2-1: Foul Ball, location: 2F
2-2: Foul Ball, location: 9LMF
2-2: SINGLE (Groundball, 13, EV 68.1 MPH) (infield hit)
Batting: RHB Miguel Torres 0-0: Ball
1-0: Ball
2-0: DOUBLE (Line Drive, 89D, EV 107.5 MPH)
Wyatt Cobb to third
Batting: RHB Jim Hughes 0-0: Ball
1-0: Fly out, F3 (Popup, 3S, EV 71.9 MPH)
Batting: LHB Tobias Hernandez 0-0: Fly out, F9 (Flyball, 9D, EV 105.6 MPH)
Batting: LHB Darren Gatling 0-0: Ball
1-0: Foul Ball, location: 7LSF
1-1: Ball
Wild Pitch!
Wyatt Cobb scores
Miguel Torres to third
2-1: Ball
Wild Pitch!
Miguel Torres scores
3-1: Foul Ball, location: 2LF
3-2: Ground out 5-3 (Groundball, 5, EV 89.4 MPH)
Top of the 8th over - 2 runs, 2 hits, 0 errors, 0 left on base; Everett 7 - Minnesota (SS-A) 0
BOTTOM OF THE 8TH
Minnesota (SS-A) Twins batting - Pitching for Everett AquaSox : RHP Jordan Enriquez
Pitching: RHP Michael Acosta
Batting: RHB Lawrence Peyton 0-0: Ball
1-0: Foul Ball, location: 2F
1-1: Foul Ball, location: 3F
1-2: Foul Ball, location: 2F
1-2: DOUBLE (Flyball, 78XD, EV 91.9 MPH)
Batting: LHB Greg Howard 0-0: Ground out 4-3 (Groundball, 34D, EV 102.5 MPH)
Lawrence Peyton to third
Batting: RHB Ken Vinson 0-0: Ball
1-0: Ball
2-0: Called Strike
2-1: Called Strike
2-2: Foul Ball, location: 3FF
2-2: Fly out, F7 (Line Drive, 7LM, EV 96.9 MPH)
Runner from 3rd tags up, SCORES, throw by LF
Batting: LHB Max Utting 0-0: Ball
1-0: Swinging Strike
1-1: Ball
2-1: Fly out, F8 (Line Drive, 8LM, EV 90.6 MPH)
Bottom of the 8th over - 1 run, 1 hit, 0 errors, 0 left on base; Everett 7 - Minnesota (SS-A) 1
TOP OF THE 9TH
Everett AquaSox batting - Pitching for Minnesota (SS-A) Twins : RHP Steve Jacobson
Pitching: RHP Rich Clavijo
Batting: RHB Robert Olague 0-0: Swinging Strike
0-1: Ball
1-1: Swinging Strike
1-2: Strikes out swinging
Batting: LHB Bryan Mahoney 0-0: Called Strike
0-1: DOUBLE (Flyball, 78XD, EV 110.6 MPH)
Batting: LHB Brett Van Slooten 0-0: Ball
1-0: Ball
2-0: Ground out U3 (Groundball, 3, EV 92.5 MPH)
Bryan Mahoney to third
Batting: RHB Keith Burchfield 0-0: Foul Ball, location: 2F
0-1: Swinging Strike
0-2: Strikes out looking
Top of the 9th over - 0 runs, 1 hit, 0 errors, 1 left on base; Everett 7 - Minnesota (SS-A) 1
BOTTOM OF THE 9TH
Minnesota (SS-A) Twins batting - Pitching for Everett AquaSox : RHP Michael Acosta
Batting: RHB Jose Miranda 0-0: Foul Ball, location: 5F
0-1: Ball
1-1: Ball
2-1: Swinging Strike
2-2: Foul Ball, location: 7LSF
2-2: Strikes out swinging
Batting: LHB Jordan Carter 0-0: Ball
1-0: Ball
2-0: Ball
3-0: Called Strike
3-1: Ground out 2-3 (Groundball, 13S, EV 67.5 MPH)
Batting: RHB Divino Corinha 0-0: Ground out 6-3 (Groundball, 6, EV 105.6 MPH)
Bottom of the 9th over - 0 runs, 0 hits, 0 errors, 0 left on base; Everett 7 - Minnesota (SS-A) 1
Friday, April 12th , 2024 - OOTP Baseball 24.11 Build 85